 Dungeon Crawl Stone Soup version 0.18.1-48-g4cf74bf (webtiles) character file.

103 Galewin the Cudgeler (level 4, 0/28 HPs)
             Began as a Gargoyle Berserker on July 18, 2016.
             Was a Believer of Trog.
             Killed by nerve-wracking pain
             ... invoked by an orc priest
              (4 damage)
             ... on level 3 of the Dungeon.
             The game lasted 00:02:46 (1392 turns).

Galewin the Cudgeler (Gargoyle Berserker)           Turns: 1392, Time: 00:02:46

Health: 0/28       AC:  6    Str: 22    XL:     4   Next: 79%
Magic:  4/4        EV: 12    Int:  7    God:    Trog [**....]
Gold:   67         SH:  0    Dex:  9    Spells: 0 memorised, 3 levels left

rFire  . . .     SeeInvis .     a - +0 mace
rCold  . . .     Gourm    .     b - +0 animal skin
rNeg   + . .     Faith    .     (no shield)
rPois  ∞         Spirit   .     (no helmet)
rElec  +         Dismiss  .     (no cloak)
rCorr  .         Reflect  .     (no gloves)
SustAt .         Harm     .     j - +0 pair of boots
MR     .....                    (no amulet)
Stlth  +.........               (no ring)
                                (no ring)

@: exhausted, slowed, very slow, not resistant to hostile enchantments, very
unstealthy
A: negative energy resistance 1, electricity resistance, unbreathing,
petrification resistance, rot immunity, AC +3
a: Berserk, Trog's Hand, Burn Spellbooks, Renounce Religion


You were on level 3 of the Dungeon.
You worshipped Trog.
Trog was pleased with you.
You were not hungry.

You visited 1 branch of the dungeon, and saw 3 of its levels.

You collected 67 gold pieces.

Inventory:

Hand Weapons
 a - a +0 mace (weapon)
Armour
 b - a +0 animal skin (worn)
 j - a +0 pair of boots (worn)
Scrolls
 e - a scroll of enchant weapon {unknown}
 f - a scroll of remove curse {unknown}
 g - a scroll of enchant armour {unknown}
 h - a scroll of recharging {unknown}
 i - 3 scrolls of identify {unknown}
 k - a scroll of blinking {unknown}
 m - a scroll of magic mapping {unknown}
Potions
 l - a potion of agility {unknown}
Comestibles
 c - a bread ration


   Skills:
 - Level 3.2 Fighting
 + Level 5.3 Maces & Flails
 - Level 2.1 Armour
 - Level 1.5 Dodging


You had 3 spell levels left.
You didn't know any spells.

Dungeon Overview and Level Annotations

Branches:
Dungeon (3/15)

Altars:
Sif Muna
Yredelemnul


Innate Abilities, Weirdness & Mutations

You are resistant to torment.
Your stone body is resilient (AC +3).
You are immune to poison.
You resist negative energy.
You are resistant to electric shocks.
You can survive without breathing.
You are immune to petrification.
You are immune to rotting.


Message History

The orc closely misses you. The orc hits you but does no damage.
The orc priest hits you but does no damage.
You hit the orc priest.
The orc priest is moderately wounded.
The orc hits you with a falchion.
* * * LOW HITPOINT WARNING * * *
The orc priest closely misses you. The orc barely misses you.
The orc priest closely misses you.
Things that are here:
a mace; an orc corpse You barely miss the orc priest.
The orc priest is moderately wounded.
The orc priest hits you with a war axe.
* * * LOW HITPOINT WARNING * * *
The orc priest hits you but does no damage.
You barely miss the orc priest.
The orc priest is moderately wounded.
The orc priest calls down the wrath of Beogh upon you.
Pain shoots through your body!
You die... .## ### ... ..# ... #.# #.## #.# . .rK

#.#
....##o##.#######
#....oSo........
...######@#####.
#.# #.#
#########.#
.......<..#
###########


You could see an orc priest, an adder, 2 orcs and a quokka.

Vanquished Creatures
  A gnoll (D:1)
  4 adders
  2 dart slugs (D:2)
  A giant gecko (D:1)
  3 orcs (D:3)
  A ball python (D:1)
  5 giant cockroaches
  6 goblins
  7 hobgoblins
  4 kobolds
  A quokka (D:2)
  5 bats
  4 giant newts
  3 rats (D:1)
47 creatures vanquished.

Notes
Turn   | Place    | Note
--------------------------------------------------------------
     0 | D:1      | Galewin the Gargoyle Berserker began the quest for the Orb.
     0 | D:1      | Reached XP level 1. HP: 14/14 MP: 1/1
    69 | D:1      | Reached XP level 2. HP: 13/19 MP: 2/2
   116 | D:1      | Reached skill level 4 in Maces & Flails
   220 | D:1      | Reached XP level 3. HP: 19/23 MP: 3/3
   418 | D:1      | Reached ** piety under Trog
   607 | D:2      | Found a basalt altar of Yredelemnul.
   684 | D:2      | Found a faded altar to an unknown god.
   900 | D:2      | Reached XP level 4. HP: 18/28 MP: 4/4
  1020 | D:2      | Reached skill level 5 in Maces & Flails
  1117 | D:2      | Found a deep blue altar of Sif Muna.
  1392 | D:3      | Killed from afar by an orc priest

Skill      XL: |  1  2  3  4 |
---------------+-------------+-----
Maces & Flails | 4 5 |  5.3
Fighting       | |  3.2
Armour         | |  2.1
Dodging        | |  1.5

Action                   |  1- 3 |  4- 6 || total
-------------------------+-------+-------++-------
Melee: Mace              |   114 |    78 ||   192
Invok: Berserk           |     1 |     1 ||     2
 Stab: Sleeping          |     1 |       ||     1
  Eat: Chunk             |     1 |       ||     1
       Bread ration      |       |     1 ||     1
Armor: Animal skin       |    43 |    31 ||    74
Dodge: Dodged            |    83 |    57 ||   140
